 Dungeon Crawl Stone Soup version 0.25-a0-713-g4845790 (webtiles) character file.

Game seed: 18131886633605084383, levelgen mode: deterministic

25 relicbr the Vexing (level 2, 0/19 HPs)
             Began as a Vampire Enchanter on Apr 6, 2020.
             Slain by a kobold
             ... wielding a +0 dagger of electrocution
              (15 damage)
             ... on level 1 of the Dungeon.
             The game lasted 00:02:48 (791 turns).

relicbr the Vexing (Vampire Enchanter)               Turns: 791, Time: 00:02:49

Health: 0/19       AC:  2    Str:  7    XL:     2   Next: 82%
Magic:  4/5        EV: 12    Int: 17    God:
Gold:   43         SH:  0    Dex: 14    Spells: 4/5 levels left

rFire    . . .     SeeInvis +   a - +1 dagger
rCold    . . .     Gourm    .   (no shield)
rNeg     . . .     Faith    .   b - +0 robe
rPois    .         Spirit   .   (no helmet)
rElec    .         Reflect  .   (no cloak)
rCorr    .         Harm     .   (no gloves)
MR       .....                  (no boots)
Stlth    +++.......             (no amulet)
HPRegen  0.26/turn              (no ring)
MPRegen  0.09/turn              (no ring)

@: regenerating quickly
A: no food, fangs 3, see invisible, unbreathing
a: Exsanguinate


You were on level 1 of the Dungeon.
You were alive.

You visited 1 branch of the dungeon, and saw 1 of its levels.

You collected 43 gold pieces.

Inventory:

Hand Weapons
 a - a +1 dagger (weapon)
Missiles
 i - 9 poisoned darts (quivered)
Armour
 b - a +0 robe (worn)
Scrolls
 d - a scroll of fear {unknown}
 e - a scroll of enchant armour {unknown}
 f - a scroll of teleportation {unknown}
Potions
 c - a potion of might
 g - a potion of stabbing {unknown}
 h - a potion of resistance {unknown}


   Skills:
 - Level 1.1 Short Blades
 - Level 2.1 Dodging
 - Level 4.5 Stealth
 - Level 2.0 Spellcasting
 * Level 6.0 Hexes


You had 4 spell levels left.
You knew the following spells:

 Your Spells              Type           Power        Failure   Level  Hunger
a - Corona                Hex            ###....      1%          1    N/A

Your spell library contained the following spells:

 Spells                   Type           Power        Failure   Level  Hunger
 Confusing Touch          Hex            ###.....     4%          3    N/A
 Tukima's Dance           Hex            ###.....     4%          3    N/A
 Ensorcelled Hibernation  Hex/Ice        ##....       9%          2    N/A
 Dazzling Flash           Conj/Hex       ##....       17%         3    N/A

Dungeon Overview and Level Annotations

Branches:
Dungeon (1/15)

Altars:


Innate Abilities, Weirdness & Mutations

You do not eat.
Your natural rate of healing is unusually fast.
You have razor-sharp teeth.
You have supernaturally acute eyesight. (SInv)
You can survive without breathing.


Message History

You hit the kobold but do no damage.
The kobold hits you with a +0 dagger of electrocution.
You hit the kobold.
The kobold is heavily wounded.
The kobold closely misses you.
You hit the kobold but do no damage.
The kobold is heavily wounded.
The kobold hits you but does no damage.
You barely miss the kobold. Your bite misses the kobold.
The kobold is heavily wounded.
The kobold hits you with a +0 dagger of electrocution.
You hit the kobold.
The kobold is severely wounded.
The kobold hits you with a +0 dagger of electrocution.
You hit the kobold but do no damage.
The kobold is severely wounded.
The kobold hits you with a +0 dagger of electrocution.
You are electrocuted!
Ouch! That really hurt!
You die...

.........####..#....# #.....##.#
.........+....>.....####.....##.#
.........#####.####^#.#########.#
#####....# #.####.#.# #.#
#####....#####........# #######.#
.รท..'....'.....#.##.###
#.......# #####....#####.#.##.#
#.##....# ##..##
#.#.#.K..#####'##....#
#####...####.#.#@####...........'
.................# #...........#
##...........(.### #...........#
.........###.#.# #...........#
##..#.#### #.#.# #...........#
#..#.# ##.#.# #........####
#..#.#####....# #........#
##..#..........######........#
....#.##.###........'........#


You could see a kobold.

Vanquished Creatures
  5 bats (D:1)
  2 giant cockroaches (D:1)
  6 goblins (D:1)
  4 hobgoblins (D:1)
  A ball python (D:1)
  2 frilled lizards (D:1)
  A rat (D:1)
21 creatures vanquished.

Notes
Turn   | Place    | Note
-------+----------+-------------------------------------------
     0 | D:1      | relicbr the Vampire Enchanter began the quest for the Orb.
     0 | D:1      | Reached XP level 1. HP: 13/13 MP: 3/3
    96 | D:1      | Reached skill level 5 in Hexes
   129 | D:1      | Reached XP level 2. HP: 18/19 MP: 1/5
   594 | D:1      | Reached skill level 6 in Hexes
   791 | D:1      | Slain by a kobold

Levels and vault maps discovered:
D:1:      wheals_arrival_shading, layout_basic, kennysheep_nondescript

Skill      XL: |  1  2 |
---------------+-------+-----
Hexes          | 5 6 |  6.0
Short Blades   | |  1.1
Dodging        | |  2.1
Stealth        | |  4.5
Spellcasting   | |  2.0

Action                   || total
-------------------------++-------
Melee: Dagger            ||    85
       Bite              ||     3
 Cast: Corona            ||    22
Armor: Robe              ||    25
Dodge: Dodged            ||    68

Table legend:
 A = Non-vault XP
 B = Vault XP
 C = Vault XP percentage of total XP
 D = Non-vault monster count
 E = Vault monster count
 F = Vault count percentage of total count
                 A         B        C        D         E       F
            +---------+---------+-------+---------+---------+-------
      Total |      36 |       0 |   0.0 |      21 |       0 |   0.0
            +---------+---------+-------+---------+---------+-------
        D:1 |      36 |       0 |   0.0 |      21 |       0 |   0.0
            +---------+---------+-------+---------+---------+-------
